 Dungeon Crawl Stone Soup version 0.31.0-11-ge490571c62 (webtiles) character file.

Game seed: 14546207943298177144

693 qw the Skirmisher (level 7, 0/40 HPs)
             Began as a Deep Elf Hunter on Feb 4, 2024.
             Shot with an arrow by a centaur (14 damage)
             ... on level 6 of the Dungeon.
             The game lasted 00:00:16 (3716 turns).

qw the Skirmisher (Deep Elf Hunter)                 Turns: 3716, Time: 00:00:16

Health: 0/40       AC:  7    Str: 10    XL:     7   Next: 37%
Magic:  9/9        EV: 14    Int: 14    God:
Gold:   182        SH:  0    Dex: 22    Spells: 6/6 levels left

rFire   . . .        a - +1 shortbow
rCold   . . .        (shield currently unavailable)
rNeg    . . .        p - +3 leather armour "Supteim" {Fly rElec Dex-2}
rPois   .            (no helmet)
rElec   +            (no cloak)
rCorr   .            j - +0 pair of gloves
SInv    .            (no boots)
Will    +....        (no amulet)
Stlth   ++           b - ring of willpower
HPRegen 0.26/turn    k - +6 ring of dexterity
MPRegen 0.11/turn

%: no passive effects
@: brilliant, flying
A: no striking features
a: no special abilities


You were on level 6 of the Dungeon.
You visited 1 branch of the dungeon, and saw 6 of its levels.

You collected 182 gold pieces.


   Skills:
 - Level 2.4 Fighting
 + Level 10.8 Ranged Weapons
 - Level 4.1 Dodging
 - Level 1.2 Stealth


You had 6 spell levels left.
You didn't know any spells.
Your spell library was empty.

Inventory:

Hand Weapons
 a - a +1 shortbow (weapon)
Armour
 g - a +0 ring mail
 j - a +0 pair of gloves (worn)
 p - the +3 leather armour "Supteim" (worn) {Fly rElec Dex-2}
   (You found it on level 5 of the Dungeon)

   Dex-2:     It affects your dexterity (-2).
   rElec:     It insulates you from electricity.
   Fly:       It grants you flight.
Jewellery
 b - a ring of willpower (left hand)
 k - a +6 ring of dexterity (right hand)
Wands
 i - a wand of acid (8)
Scrolls
 e - a scroll of teleportation
Potions
 c - 2 potions of curing
 f - a potion of heal wounds
 l - a potion of mutation {unknown}
 o - a potion of haste {unknown}

Dungeon Overview and Level Annotations

Branches:
Dungeon (6/15)
 Temple: D:4-7

Altars:
Zin

Shops:
D:2 :

Annotations:
D:3 3 runed translucent doors, qw's ghost, weakling DEHu
D:4 2 transporters, qw's ghost, amateur DEHu


Message History

The arrow hits the wight but does no damage.
The wight is severely damaged.
The orc shouts!
A centaur comes into view.
You shoot an arrow. The arrow hits the wight.
The wight is almost destroyed.
The orc throws a boomerang.
The boomerang hits you but does no damage.
You shoot an arrow. The arrow closely misses the wight.
You shoot an arrow. The arrow hits the wight.
You destroy the wight!
The centaur wields a +0 orcbow of electrocution.
You hear the crackle of electricity.
The centaur shoots an arrow.
The arrow barely misses you.
A wight comes into view. It is wielding a +0 mace.
Your Dodging skill increases to level 4!
You shoot an arrow. The arrow hits the orc!
You kill the orc!
The centaur shoots an arrow.
The arrow hits you.
The centaur shoots an arrow.
The arrow barely misses you.
You shoot an arrow.
The arrow hits the centaur but does no damage.
The centaur shoots an arrow.
The arrow barely misses you.
You shoot an arrow. The arrow hits the centaur.
The centaur is lightly wounded.
The centaur shoots an arrow.
The arrow closely misses you.
You shoot an arrow. The arrow hits the centaur.
The centaur is lightly wounded.
The centaur shoots an arrow.
The arrow hits you.
The centaur shoots an arrow.
The arrow hits you!
A wight comes into view. It is wielding a +0 halberd.
You shoot an arrow. The arrow hits the wight!
The wight is heavily damaged.
The centaur shoots an arrow.
The arrow hits you.
You shoot an arrow. The arrow hits the wight.
The wight is severely damaged.
You shoot an arrow. The arrow hits the wight!
You destroy the wight!
The centaur shoots an arrow.
The arrow hits you!
You die...

##############
......$.#..#.##
...............
....?.....?....
..z..c.........
..(.)).........
# #@.# ##
#.##..###.#
#.........#
#.........#
+.....<...#
##...###.##
#...# .# #.....
. +..... .


You could see a centaur and a wight.

Vanquished Creatures
  A black bear (D:4)
  A phantom (D:4)
  A bullfrog (D:4)
  A scorpion (D:4)
  2 wights (D:6)
  A howler monkey (D:5)
  An orc priest (D:5)
  2 orc wizards (D:3)
  4 gnolls (D:3)
  6 adders
  2 ufetubi (D:5)
  4 dart slugs
  A ribbon worm (D:3)
  28 orcs
  8 ball pythons
  2 bats (D:1)
  7 endoplasms
  A giant cockroach (D:2)
  7 goblins
  7 hobgoblins
  6 jackals
  2 quokkas
  A frilled lizard (D:2)
  6 rats
102 creatures vanquished.

Notes
Turn   | Place    | Note
-------+----------+-------------------------------------------
     0 | D:1      | qw the Deep Elf Hunter began the quest for the Orb.
     0 | D:1      | Reached XP level 1. HP: 12/12 MP: 3/3
     0 | D:1      | 0 ||| qw: Version: 0.3-a-160-g6735b56
     0 | D:1      | 0 ||| qw: Game counter: 5093
     0 | D:1      | 0 ||| qw: Melee chars always use a shield: true
     0 | D:1      | 0 ||| qw: God list: Okawaru
     0 | D:1      | 0 ||| qw: Allow faded altars: false
     0 | D:1      | 0 ||| qw: Do Orc after clearing Dungeon:15 true
     0 | D:1      | 0 ||| qw: Do second Lair branch before Depths: true
     0 | D:1      | 0 ||| qw: Lair rune preference: random
     0 | D:1      | 0 ||| qw: Goals: Normal
     0 | D:1      | 0 ||| PLANNING D:1-11
    94 | D:1      | Reached skill level 6 in Ranged Weapons
    94 | D:1      | Reached XP level 2. HP: 13/16 MP: 4/4
   532 | D:1      | Found a faded altar of an unknown god.
   547 | D:1      | Reached XP level 3. HP: 20/20 MP: 5/5
   565 | D:1      | 565 ||| UPGRADING to +0 ring mail.
   575 | D:1      | 575 ||| DROPPING +0 leather armour.
   576 | D:1      | 576 ||| READING scroll labelled PUTOLI XALL.
   580 | D:1      | 580 ||| READING 2 scrolls labelled USTEPROACU.
   580 | D:1      | 580 ||| IDENTIFYING coppery potion
   581 | D:1      | 581 ||| DROPPING scroll of butterflies.
   582 | D:1      | 582 ||| DROPPING potion of degeneration.
   680 | D:2      | Found Yroomi's Book Boutique.
   687 | D:2      | 687 ||| UPGRADING to ring of willpower.
   780 | D:2      | Reached skill level 7 in Ranged Weapons
  1157 | D:2      | 1157 ||| READING 2 scrolls of identify.
  1157 | D:2      | 1157 ||| IDENTIFYING viscous pink potion
  1158 | D:2      | 1158 ||| READING scroll of identify.
  1158 | D:2      | 1158 ||| IDENTIFYING scroll labelled BUOBBI QENEYLO
  1159 | D:2      | 1159 ||| DROPPING scroll of amnesia.
  1260 | D:3      | 1260 ||| FLEEEEING.
  1261 | D:3      | 1261 ||| FLEEEEING.
  1285 | D:3      | Reached XP level 4. HP: 25/25 MP: 6/6
  1384 | D:3      | Found a runed translucent gate.
  1384 | D:3      | Found a runed translucent gate.
  1384 | D:3      | Found a runed translucent gate.
  1385 | D:3      | Noticed qw's ghost (weakling DEHu)
  1453 | D:3      | Reached skill level 8 in Ranged Weapons
  1630 | D:3      | Found a glowing silver altar of Zin.
  1630 | D:3      | Noticed an angel
  1738 | D:3      | Reached XP level 5. HP: 28/29 MP: 7/7
  1995 | D:3      | Reached skill level 9 in Ranged Weapons
  2098 | D:3      | 2098 ||| READING scroll of identify.
  2098 | D:3      | 2098 ||| IDENTIFYING sedimented blue potion
  2099 | D:3      | 2099 ||| READING scroll labelled ZICSEKAGOI.
  2100 | D:3      | 2100 ||| DROPPING potion of invisibility.
  2199 | D:4      | Reached XP level 6. HP: 30/36 MP: 8/8
  2263 | D:4      | Found a transporter.
  2274 | D:4      | Noticed an ice beast
  2276 | D:4      | Found a transporter.
  2279 | D:4      | Noticed qw's ghost (amateur DEHu)
  2310 | D:4      | HP: 9/36 [black bear (2)]
  2312 | D:4      | HP: 4/36 [black bear (3)]
  2315 | D:4      | Reached skill level 10 in Ranged Weapons
  2543 | D:4      | Reached skill level 3 in Dodging
  2572 | D:4      | Reached XP level 7. HP: 40/40 MP: 9/9
  2859 | D:4      | 2859 ||| READING scroll labelled BUAB RUULAARAT.
  2860 | D:4      | 2860 ||| READING scroll labelled XOTUOSTYPTI.
  2860 | D:4      | 2860 ||| ENCHANTING +0 shortbow.
  2923 | D:5      | Entered Level 5 of the Dungeon
  3311 | D:5      | Identified the ring "Vuek" {rElec rN+ rCorr Dex-4}
  3398 | D:5      | Identified the +3 leather armour "Supteim" {Fly rElec
                  | Dex-2}
  3650 | D:5      | 3650 ||| UPGRADING to +0 pair of gloves.
  3655 | D:5      | 3655 ||| UPGRADING to +3 leather armour "Supteim" {Fly
                  | rElec Dex-2}.
  3665 | D:5      | 3665 ||| UPGRADING to +6 ring of dexterity.
  3666 | D:5      | 3666 ||| DROPPING ring "Vuek" {rElec rN+ rCorr Dex-4}.
  3667 | D:5      | 3667 ||| READING 2 scrolls of identify.
  3667 | D:5      | 3667 ||| IDENTIFYING clear potion
  3668 | D:5      | 3668 ||| READING scroll of identify.
  3668 | D:5      | 3668 ||| IDENTIFYING fizzy cyan potion
  3669 | D:5      | 3669 ||| DRINKING 2 fuming grey potions.
  3670 | D:5      | 3670 ||| DROPPING potion of attraction.
  3671 | D:5      | 3671 ||| DROPPING potion of brilliance.
  3716 | D:6      | Shot with an arrow by a centaur

Levels and vault maps discovered:
D:1:      nicolae_arrival_memento_mori, layout_rooms,
          hellmonk_ecumenical_altar_slurped_away
D:2:      layout_basic, serial_shops, nicolae_book_shop_shelving
D:3:      layout_basic, zin_angel, gammafunk_ghost_necromancy,
          small_statue_intersection
D:4:      layout_basic, gammafunk_ghost_arena, small_statue_intersection
D:5:      layout_basic
D:6:      layout_gridville, minmay_temple_entry_sparse_star

Skill      XL: |  1  2  3  4  5  6  7 |
---------------+----------------------+-----
Ranged Weapons | 6 7 8 9 10 | 10.8
Fighting       | 2 |  2.4
Dodging        | 3 4 |  4.1
Stealth        | |  1.2

Action                     |  1- 3 |  4- 6 |  7- 9 || total
---------------------------+-------+-------+-------++-------
   Fire: Shortbow          |   113 |   145 |    76 ||   334
    Use: Scroll            |     4 |     2 |     4 ||    10
         Potion            |       |       |     1 ||     1
 Armour: Leather armour    |     4 |       |     6 ||    10
         Ring mail         |    15 |    62 |    10 ||    87
  Dodge: Dodged            |    22 |    44 |     8 ||    74

Table legend:
 A = Non-vault XP
 B = Vault XP
 C = Vault XP percentage of total XP
 D = Non-vault monster count
 E = Vault monster count
 F = Vault count percentage of total count
                 A         B        C        D         E       F
            +---------+---------+-------+---------+---------+-------
      Total |    1060 |       2 |   0.2 |     101 |       1 |   1.0
            +---------+---------+-------+---------+---------+-------
        D:1 |      39 |       2 |   4.9 |      21 |       1 |   4.5
        D:2 |      31 |       0 |   0.0 |      10 |       0 |   0.0
        D:3 |     226 |       0 |   0.0 |      35 |       0 |   0.0
        D:4 |     450 |       0 |   0.0 |      15 |       0 |   0.0
        D:5 |     173 |       0 |   0.0 |      17 |       0 |   0.0
        D:6 |     141 |       0 |   0.0 |       3 |       0 |   0.0
            +---------+---------+-------+---------+---------+-------
